 Dungeon Crawl Stone Soup version 0.21.1-1-g345015fe64 (webtiles) character file.

48837 Kisielow the Carver (level 14, -6/129 HPs)
             Began as a Minotaur Fighter on Mar 12, 2018.
             Was a High Priest of Okawaru.
             Mangled by a catoblepas (12 damage)
             ... on level 6 of the Lair of Beasts on Mar 13, 2018.
             The game lasted 00:51:58 (21247 turns).

Kisielow the Carver (Minotaur Fighter)             Turns: 21247, Time: 00:51:59

Health: -6/129     AC: 16    Str: 39    XL:     14   Next: 13%
Magic:  13/19      EV:  2    Int:  5    God:    Okawaru [*****.]
Gold:   1114       SH:  0    Dex:  9    Spells: 13/13 levels left

rFire    + . .     SeeInvis .   j - +0 demon blade (pain)
rCold    + . .     Gourm    .   o - +3 large shield
rNeg     + + +     Faith    .   x - +4 ring mail of Inquiry {Str+8}
rPois    ∞         Spirit   .   F - +0 hat
rElec    .         Reflect  .   q - scarf {rC+ rF+}
rCorr    .         Harm     .   s - +0 pair of gloves
MR       ++...                  d - +0 pair of boots
Stlth    ++........             (no amulet)
HPRegen  0.31/turn              a - ring of poison resistance
MPRegen  0.16/turn              G - +4 ring of strength

@: petrified, heroism, finesse
A: retaliatory headbutt, fangs 1, horns 2, magic resistance 1
a: Heroism, Finesse, Renounce Religion


You were on level 6 of the Lair of Beasts.
You worshipped Okawaru.
Okawaru was extremely pleased with you.
You were not hungry.

You visited 3 branches of the dungeon, and saw 19 of its levels.
You also visited: Sewer and Ice Cave.

You collected 1204 gold pieces.
You spent 90 gold pieces at shops.

Inventory:

Hand Weapons
 j - a +0 demon blade of pain (weapon)
 k - the +3 rapier of Tumult {flame, Str+4 Int+2 Dex+4}
   (Okawaru gifted it to you on level 2 of the Lair of Beasts)

   It has been specially enchanted to burn those struck by it, causing extra
   injury to most foes and up to half again as much damage against particularly
   susceptible opponents.
   It affects your strength (+4).
   It affects your intelligence (+2).
   It affects your dexterity (+4).
Armour
 d - a +0 pair of boots (worn)
 o - a +3 large shield (worn)
 q - a scarf of resistance (worn)
 s - a +0 pair of gloves (worn)
 x - the +4 ring mail of Inquiry (worn) {Str+8}
   (You found it on level 6 of the Dungeon)

   It affects your strength (+8).
 F - a +0 hat (worn)
Jewellery
 a - a ring of poison resistance (left hand)
 G - a +4 ring of strength (right hand)
 K - a +3 ring of strength
Wands
 m - a wand of polymorph (11)
 y - a wand of iceblast (49)
 D - a wand of disintegration (7)
 E - a wand of digging (12)
 Q - a wand of enslavement (30)
Scrolls
 g - 4 scrolls of teleportation
 h - 2 scrolls of identify
 l - 9 scrolls of remove curse
 u - 2 scrolls of blinking
 B - 2 scrolls of holy word
 C - 5 scrolls of fog
 P - a scroll of magic mapping
Potions
 b - 5 potions of flight
 i - 4 potions of invisibility
 p - a potion of might
 t - 2 potions of resistance
 w - 2 potions of cancellation
 H - a potion of magic
Comestibles
 f - 35 rations


   Skills:
 + Level 13.1(18.1) Fighting
 + Level 14.4(19.4) Long Blades
 + Level 13.1(18.1) Armour
 + Level 13.1(18.1) Shields
 - Level 8.0 Invocations
 - Level 7.0 Evocations


You had 13 spell levels left.
You didn't know any spells.

Dungeon Overview and Level Annotations

Branches:
Dungeon (12/15)            Temple (1/1) D:4            Lair (6/6) D:9
  Swamp (0/4) Lair:2        Snake (0/4) Lair:2          Orc (0/2) D:12
  Slime: Lair:5-6

Altars:
Ashenzari
Cheibriados
Dithmenos
Elyvilon
Fedhas
Gozag
Hepliaklqana
Kikubaaqudgha
Makhleb
Nemelex Xobeh
Okawaru
Qazlal
Ru
Sif Muna
Trog
Uskayaw
Vehumet
Wu Jian
Xom
Yredelemnul
Zin
The Shining One

Shops:
D:4 }   D:10 ?


Innate Abilities, Weirdness & Mutations

You reflexively headbutt those who attack you in melee.
You have a pair of horns on your head.
You have very sharp teeth.
You are resistant to hostile enchantments. (MR+)


Message History

The elephant tramples you!
* * * LOW HITPOINT WARNING * * *
You hold your ground!
The elephant trunk-slaps you.
* * * LOW HITPOINT WARNING * * *
The elephant is no longer petrified.
The catoblepas breathes a plume of calcifying dust at you.
The blast of calcifying dust hits you!
* * * LOW HITPOINT WARNING * * *
The elephant tramples you but does no damage.
The elephant trunk-slaps you but does no damage.
The elephant tramples you but does no damage.
The elephant trunk-slaps you.
* * * LOW HITPOINT WARNING * * *
The elephant tramples you but does no damage.
The elephant trunk-slaps you. The elephant barely misses you.
The elephant trunk-slaps you but does no damage.
The elephant tramples you but does no damage.
The elephant trunk-slaps you but does no damage.
You are engulfed in calcifying dust.
The catoblepas gores you!!
You die...

#..# (...% .....
#..... #....#####
#P.#Y#§# #..tY@Y#
. #..YYYY##...
####HYY......
##..........#
#..†.P......#
...........P......
.$....##........##
...... ###.P.....#
..... .#.....P#


You could see a catoblepas, 8 elephants, a hippogriff and a crocodile
(petrifying).

Vanquished Creatures
  Snorg (D:10)
  Josephine (D:10)
  4 hydras
  A centaur warrior (D:12)
  2 two-headed ogres
  2 catoblepae
  5 death yaks (Lair:2)
  An unseen horror (D:10)
  A shambling mangrove (D:6)
  A necromancer (IceCv)
  5 black mambas
  15 elephants
  An ice statue (IceCv)
  A gargoyle (D:10)
  5 spiny frogs
  10 freezing wraiths (IceCv)
  6 komodo dragons
  A troll (D:10)
  A polar bear (Lair:5)
  4 hornets
  14 blink frogs
  7 dream sheep (Lair:4)
  6 hippogriffs
  4 wraiths (D:10)
  3 basilisks (Lair:2)
  20 yaks
  3 hungry ghosts
  The ghost of Tropie the Slasher, an amateur HuGl (D:4)
  3 death yak simulacra (IceCv)
  Edmund (D:6)
  A naga (Lair:2)
  10 water moccasins
  6 porcupines
  A phantom (D:4)
  2 sky beasts
  8 ice beasts
  5 orc warriors
  A necrophage (D:7)
  A black bear (D:9)
  7 centaurs
  40 wolves
  9 ogres
  11 crocodiles
  4 big kobolds
  12 bullfrogs
  4 gnoll sergeants
  A wyvern skeleton (D:12)
  An elephant simulacrum (IceCv)
  8 electric eels
  5 howler monkeys
  A bullfrog zombie (D:10)
  A crimson imp (D:6)
  5 draconian simulacra (IceCv)
  8 jellies
  A quasit (D:7)
  A centaur zombie (D:5)
  An orc priest (D:9)
  Crazy Yiuf (D:6)
  4 hounds
  9 orc wizards
  4 bullfrog skeletons
  2 iguanas (D:4)
  2 centaur skeletons
  A gnoll shaman (D:9)
  A spriggan simulacrum (IceCv)
  7 worker ants
  8 troll simulacra (IceCv)
  A killer bee zombie (D:6)
  2 centaur simulacra (IceCv)
  2 worker ant zombies
  18 gnolls
  5 river rats
  19 adders
  4 naga simulacra (IceCv)
  4 shadow imps
  12 white imps (IceCv)
  17 oozes
  4 worms
  A dart slug (D:2)
  6 leopard geckos
  42 orcs
  6 ball pythons
  8 giant cockroaches
  8 goblins
  12 hobgoblins
  10 jackals
  2 quokkas
  5 bats (D:1)
  2 frilled lizards
  10 kobolds
  A leopard gecko skeleton (D:4)
  14 rats
  A fire vortex (Lair:4)
  A plant (D:9)
541 creatures vanquished.

Vanquished Creatures (others)
  2 bushes (Lair:2)
  29 fungi
  49 plants
80 creatures vanquished.

Grand Total: 621 creatures vanquished

Notes
Turn   | Place    | Note
-------+----------+-------------------------------------------
     0 | D:1      | Kisielow the Minotaur Fighter began the quest for the Orb.
     0 | D:1      | Reached XP level 1. HP: 19/19 MP: 0/0
   182 | D:1      | Found a glowing golden altar of the Shining One.
   286 | D:1      | Reached XP level 2. HP: 20/27 MP: 1/1
   526 | D:1      | Reached skill level 3 in Long Blades
  1125 | D:2      | Reached XP level 3. HP: 33/33 MP: 2/2
  1539 | D:2      | Found a burning altar of Makhleb.
  1663 | D:2      | Reached XP level 4. HP: 37/40 MP: 3/3
  2101 | D:2      | Reached skill level 4 in Long Blades
  2209 | D:3      | Gained mutation: You have very sharp teeth. [potion of mutation]
  2209 | D:3      | Gained mutation: You are resistant to hostile enchantments. (MR+) [potion of mutation]
  2293 | D:3      | Found a deep blue altar of Sif Muna.
  2315 | D:3      | Reached XP level 5. HP: 31/47 MP: 4/4
  2753 | D:3      | Found a basalt altar of Yredelemnul.
  2893 | D:4      | Noticed Tropie's ghost (amateur HuGl)
  2954 | D:5      | Entered Level 5 of the Dungeon
  2980 | D:5      | Noticed an ogre
  2986 | D:5      | Killed an ogre
  2986 | D:5      | Reached skill level 5 in Long Blades
  2986 | D:5      | Reached XP level 6. HP: 40/55 MP: 5/5
  3005 | D:5      | Reached skill level 5 in Shields
  3010 | D:5      | HP: 2/55 [centaur (2)]
  3015 | D:5      | Reached skill level 5 in Fighting
  3015 | D:5      | Reached skill level 5 in Armour
  3347 | D:5      | Noticed a sky beast
  3376 | D:5      | Found a glowing drain.
  3428 | Sewer    | Entered a sewer
  3471 | Sewer    | Reached skill level 6 in Long Blades
  3514 | Sewer    | Reached XP level 7. HP: 61/61 MP: 6/6
  3964 | D:5      | Reached skill level 7 in Long Blades
  4599 | D:4      | Reached XP level 8. HP: 58/70 MP: 7/7
  4690 | D:4      | Found Moukaxurch's Gadget Shop.
  4786 | D:4      | Killed Tropie's ghost
  5028 | D:4      | Found a staircase to the Ecumenical Temple.
  5033 | Temple   | Entered the Ecumenical Temple
  5187 | Temple   | Became a worshipper of Warmaster Okawaru
  5505 | D:4      | Reached skill level 8 in Long Blades
  5819 | D:6      | Noticed Edmund
  5828 | D:6      | Killed Edmund
  6017 | D:6      | Reached * piety under Okawaru
  6025 | D:6      | Found a hide-covered altar of Uskayaw.
  6080 | D:6      | Got a jewelled ring mail
  6091 | D:6      | Identified the +4 ring mail of Inquiry {Str+8} (You found it on level 6 of the Dungeon)
  6107 | D:6      | Reached skill level 9 in Long Blades
  6384 | D:6      | Reached XP level 9. HP: 79/79 MP: 8/8
  6441 | D:6      | Found a runed door.
  6581 | D:6      | Noticed an oklob plant
  6596 | D:6      | Noticed a shambling mangrove
  6596 | D:6      | an oklob plant changed into a shambling mangrove
  6618 | D:6      | Killed a shambling mangrove
  6618 | D:6      | Reached ** piety under Okawaru
  6626 | D:6      | Reached skill level 10 in Long Blades
  7037 | D:6      | Noticed Crazy Yiuf
  7044 | D:6      | Killed Crazy Yiuf
  7117 | D:6      | Reached *** piety under Okawaru
  7129 | D:7      | Paralysed by a hornet for 2 turns
  7383 | D:7      | Reached skill level 1 in Invocations
  7393 | D:7      | Reached skill level 1 in Evocations
  7705 | D:7      | Reached XP level 10. HP: 79/89 MP: 10/10
  7944 | D:7      | Reached **** piety under Okawaru
  8882 | D:8      | Found a shattered altar of Ashenzari.
  9770 | D:9      | Found a staircase to the Lair.
 10180 | D:9      | Reached skill level 5 in Invocations
 10269 | D:10     | Entered Level 10 of the Dungeon
 10271 | D:10     | You fall through a shaft for 2 floors!
 10311 | D:12     | Noticed a centaur warrior
 10323 | D:12     | Killed a centaur warrior
 10323 | D:12     | Reached ***** piety under Okawaru
 10323 | D:12     | Reached skill level 5 in Evocations
 10545 | D:12     | Found a staircase to the Orcish Mines.
 10577 | D:12     | Received a gift from Okawaru
 10720 | D:10     | Noticed Snorg
 10742 | D:10     | Killed Snorg
 10742 | D:10     | Reached XP level 11. HP: 31/95 MP: 12/14
 11151 | D:10     | Killed an unseen horror
 11157 | D:10     | Reached skill level 11 in Long Blades
 11342 | D:10     | Noticed a two-headed ogre
 11354 | D:10     | Killed a two-headed ogre
 11633 | D:10     | Found Abbun's Magic Scroll Emporium.
 11679 | D:10     | Bought a scroll of identify for 30 gold pieces
 11679 | D:10     | Bought a scroll of identify for 30 gold pieces
 11679 | D:10     | Bought a scroll of identify for 30 gold pieces
 11798 | D:10     | Noticed Josephine
 11815 | D:10     | Killed Josephine
 12531 | D:11     | Noticed a two-headed ogre
 12541 | D:11     | Killed a two-headed ogre
 13128 | Lair:1   | Entered Level 1 of the Lair of Beasts
 13133 | D:9      | Received a gift from Okawaru
 13573 | Lair:1   | Reached XP level 12. HP: 63/106 MP: 15/17
 13803 | Lair:1   | Reached skill level 10 in Armour
 13997 | Lair:1   | Reached skill level 10 in Shields
 14465 | Lair:2   | Reached skill level 10 in Fighting
 14468 | Lair:2   | Noticed an eight-headed hydra
 14484 | Lair:2   | Killed a six-headed hydra
 14484 | Lair:2   | Reached skill level 12 in Long Blades
 14491 | Lair:2   | Noticed a death yak
 14520 | Lair:2   | Killed a death yak
 14522 | Lair:2   | Reached ****** piety under Okawaru
 14565 | Lair:2   | Received a gift from Okawaru
 14622 | Lair:2   | Noticed a catoblepas
 14789 | Lair:2   | Killed a catoblepas
 15240 | Lair:2   | Noticed a death yak
 15240 | Lair:2   | Noticed a death yak
 15241 | Lair:2   | Noticed a death yak
 15241 | Lair:2   | Noticed a death yak
 15275 | Lair:2   | Killed a death yak
 15278 | Lair:2   | Killed a death yak
 15287 | Lair:2   | Killed a death yak
 15293 | Lair:2   | Killed a death yak
 15542 | Lair:2   | Reached skill level 13 in Long Blades
 15547 | Lair:2   | Received a gift from Okawaru
 15557 | Lair:2   | Reached XP level 13. HP: 90/116 MP: 18/18
 15560 | Lair:2   | Got a bloodstained rapier {god gift}
 15568 | Lair:1   | Identified the +3 rapier of Tumult {flame, Str+4 Int+2 Dex+4} (Okawaru gifted it to you on level 2 of the Lair of Beasts)
 15723 | Lair:2   | Found a staircase to the Snake Pit.
 15875 | Lair:2   | Found a staircase to the Swamp.
 17437 | Lair:3   | Found an opulent altar of Gozag.
 17449 | Lair:3   | Received a gift from Okawaru
 17732 | Lair:4   | Got a faintly glowing robe
 17733 | Lair:4   | Identified the cursed +0 robe of Goxec {Str+3} (You found it on level 4 of the Lair of Beasts)
 18883 | Lair:5   | Found a frozen archway.
 18893 | IceCv    | Entered an ice cave
 19161 | IceCv    | Reached skill level 14 in Long Blades
 19415 | IceCv    | Found an ancient bone altar of Kikubaaqudgha.
 20337 | Lair:5   | Received a gift from Okawaru
 20525 | Lair:5   | Reached XP level 14. HP: 127/127 MP: 19/19
 21207 | Lair:6   | Entered Level 6 of the Lair of Beasts
 21246 | Lair:6   | HP: 6/129 [catoblepas/blast of calcifying dust (3)]
 21247 | Lair:6   | Mangled by a catoblepas

Skill      XL: |  1  2  3  4  5  6  7  8  9 10 11 12 13 14 |
---------------+-------------------------------------------+-----
Long Blades    | 3 4 5 6 7 9 10 11 13 14 | 14.4
Armour         | 4 5 6 7 8 9 11 12 13 | 13.1
Fighting       | 4 5 6 7 8 9 11 12 13 | 13.1
Shields        | 4 5 6 7 8 9 11 12 13 | 13.1
Invocations    | 1 6 8 |  8.0
Evocations     | 1 6 7 |  7.0

Action                   |  1- 3 |  4- 6 |  7- 9 | 10-12 | 13-15 || total
-------------------------+-------+-------+-------+-------+-------++-------
Melee: Long sword        |   101 |   195 |   336 |   572 |       ||  1204
       Headbutt          |     6 |    32 |    80 |   172 |   143 ||   433
       Bite              |       |    15 |    41 |    99 |    94 ||   249
       Demon blade       |       |       |       |   119 |   342 ||   461
       Rapier            |       |       |       |       |   150 ||   150
Invok: Heroism           |       |       |     1 |     5 |     3 ||     9
       Finesse           |       |       |       |     3 |     2 ||     5
Evoke: Wand              |       |       |     1 |     3 |     5 ||     9
  Use: Scroll            |       |     9 |    12 |    10 |     7 ||    38
       Potion            |       |     2 |     2 |     7 |     1 ||    12
 Stab: Petrified         |       |       |       |       |     7 ||     7
  Eat: Chunk             |     2 |     7 |     3 |    14 |     8 ||    34
       Ration            |       |       |     3 |     5 |     3 ||    11
Armor: Scale mail        |    45 |       |       |       |       ||    45
       Chain mail        |     9 |    66 |    52 |       |       ||   127
       Ring mail         |       |       |    29 |   175 |   149 ||   353
Dodge: Dodged            |    26 |    19 |    49 |   112 |    89 ||   295
Block: Shield            |    39 |       |       |       |       ||    39
       Large shield      |    30 |   152 |   246 |   653 |   528 ||  1609
       Rpst.: Long sword |     9 |     5 |    15 |    20 |       ||    49
       Demon blade       |       |       |       |     4 |    10 ||    14
